 Dungeon Crawl Stone Soup version 0.31-a0-200-gbc41564c69 (webtiles) character file.

Game seed: 12716254906912648940

3238 qw the Skirmisher (level 9, -1/52 HPs)
             Began as a Deep Elf Hunter on June 25, 2023.
             Was a Follower of Okawaru.
             Slain by a two-headed ogre
             ... wielding a +0 giant spiked club
              (29 damage)
             ... on level 8 of the Dungeon.
             The game lasted 00:02:43 (5959 turns).

qw the Skirmisher (Deep Elf Hunter)                 Turns: 5959, Time: 00:02:44

Health: -1/52      AC:  7    Str: 14    XL:     9   Next: 66%
Magic:  13/14      EV: 18    Int: 15    God:    Okawaru [*.....]
Gold:   268        SH:  0    Dex: 22    Spells: 8/8 levels left

rFire   . . .        Y - +0 orcbow
rCold   . . .        (shield currently unavailable)
rNeg    . . .        d - +0 ring mail
rPois   .            (no helmet)
rElec   .            e - scarf {repulsion}
rCorr   .            (no gloves)
SInv    +            i - +0 pair of boots
Will    .....        a - amulet "Ozupoure" {Regen+ Str+2 Dex+4}
Stlth   +++          f - ring of see invisible
HPRegen 1.08/turn    (no ring)
MPRegen 0.14/turn

%: repel missiles
@: about to teleport, heroic
A: no striking features
a: Renounce Religion, Heroism


You were on level 8 of the Dungeon.
You worshipped Okawaru.
Okawaru was aware of your devotion.
You visited 2 branches of the dungeon, and saw 9 of its levels.

You collected 380 gold pieces.
You spent 112 gold pieces at shops.


   Skills:
 - Level 4.0(9.0) Fighting
 + Level 14.9(19.9) Ranged Weapons
 - Level 1.0(6.0) Armour
 - Level 6.4(11.4) Dodging
 - Level 1.2(6.2) Stealth
 - Level 4.4 Invocations


You had 8 spell levels left.
You didn't know any spells.
Your spell library was empty.

Inventory:

Hand Weapons
 Y - a +0 orcbow (weapon)
Armour
 d - a +0 ring mail (worn)
 e - a scarf of repulsion (worn)
 i - a +0 pair of boots (worn)
 n - a +0 cloak
Jewellery
 a - the amulet "Ozupoure" (around neck) {Regen+ Str+2 Dex+4}
   (You acquired it on level 2 of the Dungeon)

   [amulet of regeneration]

   Str:       It affects your strength (+2).
   Dex:       It affects your dexterity (+4).
   Regen:     It increases your rate of health regeneration.
 f - a ring of see invisible (left hand)
Scrolls
 b - 3 scrolls of identify
 j - a scroll of teleportation
Potions
 c - 3 potions of might
 h - 2 potions of curing
 k - 3 potions of mutation
 m - a potion of haste
 o - a potion of resistance

Dungeon Overview and Level Annotations

Branches:
Dungeon (8/15)             Temple (1/1) D:6
   Lair: D:8-11

Altars:
Ashenzari
Cheibriados
Dithmenos
Elyvilon
Fedhas
Gozag
Hepliaklqana
Kikubaaqudgha
Makhleb
Nemelex Xobeh
Okawaru
Qazlal
Ru
Sif Muna
Uskayaw
Wu Jian
Xom
Yredelemnul
Zin
The Shining One

Shops:
D:2 [   D:3 =*[*


Message History

The gnoll bouda completely misses you.
You shoot an arrow. The arrow hits the gnoll bouda.
You kill the gnoll bouda!
Okawaru accepts your kill.
You shoot an arrow. The arrow closely misses the wyvern.
The wyvern misses you.
You shoot an arrow. The arrow hits the wyvern!
The wyvern is severely wounded.
The wyvern bites you.
You shoot an arrow.
The arrow hits the wyvern but does no damage.
The wyvern is severely wounded.
The wyvern closely misses you. x2
You shoot an arrow. The arrow hits the wyvern!
You kill the wyvern!
Okawaru accepts your kill.
Your attacks no longer feel as feeble.
You shoot an arrow. The arrow hits the two-headed ogre!
The two-headed ogre is moderately wounded.
The two-headed ogre closely misses you. x2
You shoot an arrow. The arrow hits the two-headed ogre!
The two-headed ogre is moderately wounded.
You shoot an arrow. The arrow hits the two-headed ogre.
The two-headed ogre is heavily wounded.
The two-headed ogre misses you.
The two-headed ogre hits you with a +0 giant club!!
You shoot an arrow.
The arrow barely misses the two-headed ogre.
You shoot an arrow. The arrow hits the two-headed ogre!
The two-headed ogre is heavily wounded.
The two-headed ogre closely misses you.
The two-headed ogre hits you with a +0 giant club!!
5958 ||| READING 2 scrolls of teleportation.
As you read the scroll of teleportation, it crumbles to dust.
You feel strangely unstable.
5959 ||| DRINKING potion of heal wounds.
You feel much better.
The two-headed ogre hits you with a +0 giant spiked club!!
Ouch! That really hurt!
You die...

... + ## #.# .# #
..... #.# # .#.#
####..# #
...######....#
#.##........##
..#####.##.####..##
........)).# #..#
..#####.#### ##@#
.# ####.# #.O.....?
.# #....# #.#..##..
.# #.#### #$#.##
.###.# #.# # .#.).#
#.. ...#.# ...
.#...# ###
.........


You could see a two-headed ogre.

Vanquished Creatures
  Psyche (D:8)
  A hornet (D:7)
  A wyvern (D:8)
  A steam dragon (D:7)
  Edmund (D:6)
  3 water moccasins
  A black bear (D:5)
  A sky beast (D:6)
  An ice beast (D:7)
  2 ogres
  A centaur (D:7)
  3 phantoms
  Blork the orc (D:5)
  2 kobold brigands
  4 bullfrogs
  2 scorpions
  An electric eel (D:6)
  A crimson imp (D:4)
  3 hounds
  A jelly (D:7)
  A gnoll bouda (D:8)
  An orc priest (D:5)
  2 sleepcaps (D:6)
  4 iguanas
  3 orc wizards
  4 gnolls (D:8)
  3 adders
  A shadow imp (D:5)
  A white imp (D:4)
  3 ufetubi
  3 worms
  3 dart slugs
  23 orcs
  8 ball pythons
  10 bats
  10 endoplasms
  3 giant cockroaches (D:4)
  8 goblins
  8 hobgoblins
  4 jackals (D:1)
  21 kobolds
  6 quokkas
  3 frilled lizards
  5 rats
170 creatures vanquished.

Vanquished Creatures (others)
  An orc wizard (D:3)
1 creature vanquished.

Grand Total: 171 creatures vanquished

Notes
Turn   | Place    | Note
-------+----------+-------------------------------------------
     0 | D:1      | qw the Deep Elf Hunter began the quest for the Orb.
     0 | D:1      | Reached XP level 1. HP: 12/12 MP: 3/3
     0 | D:1      | 0 ||| qw: Version: 0.3-a-22-g0ed2b0b
     0 | D:1      | 0 ||| qw: Game counter: 5492
     0 | D:1      | 0 ||| qw: Melee chars always use a shield: true
     0 | D:1      | 0 ||| qw: God list: Okawaru
     0 | D:1      | 0 ||| qw: Allow faded altars: false
     0 | D:1      | 0 ||| qw: Do Orc after clearing Dungeon:15 true
     0 | D:1      | 0 ||| qw: Do second Lair branch before Depths: true
     0 | D:1      | 0 ||| qw: Lair rune preference: random
     0 | D:1      | 0 ||| qw: Goals: Normal
     0 | D:1      | 0 ||| PLANNING D:1-11
   152 | D:1      | Reached XP level 2. HP: 16/16 MP: 4/4
   154 | D:1      | Reached skill level 6 in Ranged Weapons
   300 | D:1      | Reached XP level 3. HP: 18/20 MP: 5/5
   493 | D:1      | Found a faded altar of an unknown god.
   756 | D:1      | 756 ||| READING scroll labelled TUMIRO ISHROWN.
   757 | D:1      | 757 ||| READING scroll labelled MOESISUEGU.
   758 | D:1      | 758 ||| DROPPING scroll of butterflies.
   810 | D:2      | 810 ||| STAIRDANCE
   849 | D:2      | Reached skill level 7 in Ranged Weapons
  1199 | D:2      | Found Seifring's Armour Shoppe.
  1208 | D:2      | 1208 ||| BUYING +0 ring mail (52 gold).
  1208 | D:2      | Bought a +0 ring mail for 52 gold pieces
  1208 | D:2      | 1208 ||| SHOPLISTING +1 helmet (149 gold, have 8).
  1461 | D:2      | Found a glowing silver altar of Zin.
  1490 | D:2      | Reached XP level 4. HP: 25/25 MP: 6/6
  1679 | D:2      | 1679 ||| UPGRADING to +0 ring mail.
  1689 | D:2      | 1689 ||| DROPPING +0 leather armour.
  1690 | D:2      | 1690 ||| READING scroll labelled MUBURU ZAP WUPN.
  1691 | D:2      | 1691 ||| READING scroll labelled LEFEUDGH VIMIM.
  1695 | D:2      | 1695 ||| READING scroll labelled ZAR XIARAT.
  1695 | D:2      | Identified a scroll of acquirement
  1695 | D:2      | 1695 ||| ACQUIRING amulet "Ozupoure" {Regen+ Str+2 Dex+4}
  1695 | D:2      | Acquired the amulet "Ozupoure" {Regen+ Str+2 Dex+4}
  1697 | D:2      | 1697 ||| UPGRADING to amulet "Ozupoure" {Regen+ Str+2
                  | Dex+4}.
  1704 | D:2      | 1704 ||| DRINKING 2 puce potions.
  1814 | D:3      | Found Jeafrihi's Jewellery Shop.
  1820 | D:3      | 1820 ||| SHOPLISTING +5 ring of evasion (360 gold, have
                  | 15).
  1820 | D:3      | 1820 ||| SHOPLISTING +6 ring of dexterity (360 gold, have
                  | 15).
  1820 | D:3      | 1820 ||| SHOPLISTING amulet of faith (400 gold, have 15).
  1820 | D:3      | 1820 ||| SHOPLISTING ring of Dioq {rF+ rN+ rCorr Str+3
                  | Dex-2} (403 gold, have 15).
  1820 | D:3      | 1820 ||| SHOPLISTING ring of poison resistance (200 gold,
                  | have 15).
  1820 | D:3      | 1820 ||| SHOPLISTING ring of protection from cold (250
                  | gold, have 15).
  1820 | D:3      | 1820 ||| SHOPLISTING ring of protection from fire (250
                  | gold, have 15).
  1820 | D:3      | 1820 ||| SHOPLISTING ring of see invisible (150 gold, have
                  | 15).
  1884 | D:3      | 1884 ||| Stepping ~*~*~tactically~*~*~ (outnumbered).
  1885 | D:3      | 1885 ||| Stepping ~*~*~tactically~*~*~ (outnumbered).
  1894 | D:3      | Reached skill level 8 in Ranged Weapons
  1948 | D:3      | Found a blossoming altar of Fedhas.
  1989 | D:3      | Found a sparkling altar of Nemelex Xobeh.
  2044 | D:3      | Found Soehot's Assorted Antiques.
  2051 | D:3      | Found Xoits's Assorted Antiques.
  2054 | D:3      | 2054 ||| BUYING 2 purple potions (34 gold).
  2054 | D:3      | Bought 2 purple potions for 34 gold pieces
  2054 | D:3      | 2054 ||| SHOPLISTING notched steel ring (95 gold, have 40).
  2054 | D:3      | 2054 ||| SHOPLISTING runed arbalest (142 gold, have 40).
  2059 | D:3      | 2059 ||| SHOPLISTING glowing scale mail (203 gold, have
                  | 40).
  2059 | D:3      | 2059 ||| BUYING lumpy puce potion (26 gold).
  2059 | D:3      | Bought a lumpy puce potion for 26 gold pieces
  2059 | D:3      | 2059 ||| SHOPLISTING scroll labelled IPROSS QUWK (29 gold,
                  | have 14).
  2059 | D:3      | 2059 ||| SHOPLISTING scroll labelled SIJORI CAENANT (29
                  | gold, have 14).
  2060 | D:3      | Found Cooc's Armour Boutique.
  2068 | D:3      | 2068 ||| SHOPLISTING +0 pair of gloves (58 gold, have 14).
  2068 | D:3      | 2068 ||| SHOPLISTING +3 crown of Dyrovepreva {rElec Int+2
                  | SInv} (538 gold, have 14).
  2290 | D:3      | 2290 ||| UPGRADING to +0 pair of boots.
  2295 | D:3      | 2295 ||| DRINKING 4 purple potions.
  2296 | D:3      | 2296 ||| DRINKING 2 orange potions.
  2297 | D:3      | 2297 ||| READING 5 scrolls of identify.
  2297 | D:3      | 2297 ||| IDENTIFYING coppery potion
  2298 | D:3      | 2298 ||| READING 4 scrolls of identify.
  2298 | D:3      | 2298 ||| IDENTIFYING viscous clear potion
  2299 | D:3      | 2299 ||| READING 3 scrolls of identify.
  2299 | D:3      | 2299 ||| IDENTIFYING lumpy puce potion
  2300 | D:3      | 2300 ||| DROPPING potion of attraction.
  2301 | D:3      | 2301 ||| DROPPING potion of lignification.
  2340 | D:4      | Reached XP level 5. HP: 29/29 MP: 7/7
  2342 | D:4      | 2342 ||| STAIRDANCE
  2347 | D:3      | Reached skill level 3 in Dodging
  2358 | D:4      | HP: 6/29 [iguana (6)]
  2359 | D:4      | 2359 ||| READING 3 scrolls of teleportation.
  2360 | D:4      | 2360 ||| DRINKING potion of heal wounds.
  2466 | D:4      | Reached skill level 9 in Ranged Weapons
  2521 | D:4      | 2521 ||| FLEEEEING.
  2522 | D:4      | 2522 ||| FLEEEEING.
  2523 | D:4      | 2523 ||| FLEEEEING.
  2524 | D:4      | 2524 ||| FLEEEEING.
  2528 | D:4      | 2528 ||| FLEEEEING.
  2529 | D:4      | 2529 ||| FLEEEEING.
  2530 | D:4      | 2530 ||| STAIRDANCE
  2608 | D:4      | Reached XP level 6. HP: 35/35 MP: 8/8
  2878 | D:5      | Entered Level 5 of the Dungeon
  2888 | D:5      | Reached skill level 10 in Ranged Weapons
  2918 | D:5      | Reached skill level 1 in Armour
  3141 | D:5      | Noticed Blork the orc
  3144 | D:5      | Killed Blork the orc
  3145 | D:5      | Reached XP level 7. HP: 34/40 MP: 9/9
  3214 | D:5      | HP: 10/40 [water moccasin (1)]
  3215 | D:5      | 3215 ||| READING 3 scrolls of teleportation.
  3219 | D:5      | HP: 8/40 [poisoned by a water moccasin]
  3270 | D:5      | Reached skill level 11 in Ranged Weapons
  3400 | D:5      | Found an ornate altar of the Wu Jian Council.
  3468 | D:5      | Found a shadowy altar of Dithmenos.
  3586 | D:5      | Found a shimmering altar of Xom.
  3750 | D:5      | 3750 ||| UPGRADING to +0 cloak.
  3755 | D:5      | 3755 ||| UPGRADING to ring of see invisible.
  3756 | D:5      | 3756 ||| READING 2 scrolls labelled UHYASEA ZAMPA.
  3757 | D:5      | 3757 ||| READING scroll labelled DUEM RUSUASYS.
  3758 | D:5      | 3758 ||| READING scroll labelled NIUSHENNAO.
  3859 | D:5      | 3859 ||| READING 6 scrolls of identify.
  3859 | D:5      | 3859 ||| IDENTIFYING golden potion
  3860 | D:5      | 3860 ||| READING 5 scrolls of identify.
  3860 | D:5      | 3860 ||| IDENTIFYING fizzy purple potion
  3861 | D:5      | 3861 ||| DROPPING scroll of immolation.
  3927 | D:6      | Reached skill level 12 in Ranged Weapons
  3962 | D:6      | Reached XP level 8. HP: 45/45 MP: 10/10
  3968 | D:6      | 3968 ||| UPGRADING to scarf of repulsion.
  3978 | D:6      | 3978 ||| READING 4 scrolls of identify.
  3978 | D:6      | 3978 ||| IDENTIFYING white potion
  3979 | D:6      | 3979 ||| DROPPING potion of brilliance.
  3983 | D:6      | Reached skill level 3 in Fighting
  3996 | D:6      | Noticed Edmund
  4007 | D:6      | Killed Edmund
  4054 | D:6      | Found a staircase to the Ecumenical Temple.
  4055 | D:6      | 4055 ||| PLANNING TEMPLE
  4065 | Temple   | Entered the Ecumenical Temple
  4111 | Temple   | 4111 ||| PLANNING OKAWARU WORSHIP
  4182 | Temple   | Became a worshipper of Warmaster Okawaru
  4183 | Temple   | 4183 ||| PLANNING D:1-11
  4261 | D:6      | Reached skill level 13 in Ranged Weapons
  4301 | D:6      | 4301 ||| FLEEEEING.
  4309 | D:6      | 4309 ||| FLEEEEING.
  4312 | D:6      | 4312 ||| FLEEEEING.
  4313 | D:6      | 4313 ||| FLEEEEING.
  4314 | D:6      | 4314 ||| FLEEEEING.
  4316 | D:6      | 4316 ||| FLEEEEING.
  4318 | D:6      | 4318 ||| FLEEEEING.
  4320 | D:6      | 4320 ||| FLEEEEING.
  5024 | D:7      | Reached skill level 14 in Ranged Weapons
  5047 | D:7      | Noticed a hornet
  5057 | D:7      | Killed a hornet
  5057 | D:7      | Reached * piety under Okawaru
  5058 | D:7      | Reached skill level 6 in Dodging
  5058 | D:7      | Reached XP level 9. HP: 40/50 MP: 11/11
  5085 | D:7      | 5085 ||| INVOKING Heroism.
  5086 | D:7      | 5086 ||| INVOKING Heroism.
  5093 | D:7      | Reached skill level 1 in Invocations
  5172 | D:7      | 5172 ||| Stepping ~*~*~tactically~*~*~ (outnumbered).
  5273 | D:7      | 5273 ||| FLEEEEING.
  5274 | D:7      | 5274 ||| FLEEEEING.
  5275 | D:7      | 5275 ||| FLEEEEING.
  5523 | D:7      | Reached skill level 3 in Invocations
  5563 | D:7      | 5563 ||| SWAPPING to +0 orcbow.
  5564 | D:7      | 5564 ||| DROPPING +0 shortbow of draining.
  5618 | D:7      | 5618 ||| INVOKING Heroism.
  5764 | D:7      | 5764 ||| READING scroll labelled CAERHOULLY.
  5766 | D:7      | 5766 ||| Stepping ~*~*~tactically~*~*~ (cloud).
  5817 | D:8      | 5817 ||| Stepping ~*~*~tactically~*~*~ (outnumbered).
  5818 | D:8      | 5818 ||| Stepping ~*~*~tactically~*~*~ (outnumbered).
  5846 | D:8      | Noticed Psyche
  5847 | D:8      | 5847 ||| INVOKING Heroism.
  5850 | D:8      | Killed Psyche
  5910 | D:8      | 5910 ||| Stepping ~*~*~tactically~*~*~ (outnumbered).
  5916 | D:8      | 5916 ||| Stepping ~*~*~tactically~*~*~ (outnumbered).
  5943 | D:8      | Noticed a two-headed ogre
  5945 | D:8      | 5945 ||| INVOKING Heroism.
  5957 | D:8      | HP: 7/52 [two-headed ogre/+0 giant spiked club (24)]
  5958 | D:8      | 5958 ||| READING 2 scrolls of teleportation.
  5959 | D:8      | 5959 ||| DRINKING potion of heal wounds.
  5959 | D:8      | Slain by a two-headed ogre

Levels and vault maps discovered:
D:1:      tarquinn_simple_flora_water_c, layout_basic,
          dilly_ecumenical_altar_fadedgnrine, serial_bayou_lagoon_a,
          st_stairs_1, feat_on_display
D:2:      minmay_chambers_of_ones, layout_basic, basic_altar, serial_shops,
          shop_statue, minmay_crystal_water, chequers_garden,
          chequers_serial_rivers_large_a
D:3:      layout_rooms, mainiacjoe_overflow_cross_hatched,
          mainiacjoe_overflow_24_doors, serial_shops, shop, shop, shop, shop,
          serial_bayou_lake_a
D:4:      layout_rooms, minmay_fire_ice_demons
D:5:      corexii_shack_village, layout_basic, lemuel_coloured_pillars_altar,
          mainiacjoe_overflow_paths, mainiacjoe_overflow_six_doors_small,
          uniq_blork_the_orc
D:6:      layout_gridville, minmay_temple_entry_crystal_x, chequers_big_river,
          nicolae_eternal_life, uniq_edmund
D:7:      layout_basic, chequers_serial_rivers_micro_b
D:8:      minmay_the_grid_octo_tiled_octocenter [minmay_the_grid_octo_clover_2,
          minmay_the_grid_octo_checkerflower, minmay_the_grid_octo_empty,
          minmay_the_grid_octo_checkered,
          minmay_the_grid_octo_prize_square_snowflake,
          minmay_the_grid_square_5x5_tie,
          minmay_the_grid_square_5x5_inverted_slash,
          minmay_the_grid_square_5x5_six_small,
          minmay_the_grid_square_5x5_checkered_sparse], layout_loops_ring,
          uniq_gastronok, uniq_psyche, uniq_pikel, uniq_maurice
Temple:   nicolae_temple_superstar

Skill      XL: |  1  2  3  4  5  6  7  8  9 |
---------------+----------------------------+-----
Ranged Weapons | 6 7 8 9 10 12 14 | 14.9
Dodging        | 3 4 6 |  6.4
Fighting       | 2 3 4 |  4.0
Armour         | 1 |  1.0
Invocations    | 4 |  4.4
Stealth        | |  1.2

Action                     |  1- 3 |  4- 6 |  7- 9 || total
---------------------------+-------+-------+-------++-------
   Fire: Shortbow          |   115 |   154 |   226 ||   495
         Orcbow            |       |       |    58 ||    58
 Invoke: Heroism           |       |       |     4 ||     4
    Use: Scroll            |     2 |     7 |     9 ||    18
         Potion            |       |     4 |     1 ||     5
 Armour: Leather armour    |    10 |       |       ||    10
         Ring mail         |       |    27 |    30 ||    57
  Dodge: Dodged            |    27 |    48 |    92 ||   167

Table legend:
 A = Non-vault XP
 B = Vault XP
 C = Vault XP percentage of total XP
 D = Non-vault monster count
 E = Vault monster count
 F = Vault count percentage of total count
                 A         B        C        D         E       F
            +---------+---------+-------+---------+---------+-------
      Total |    3730 |     896 |  19.4 |     148 |      23 |  13.5
            +---------+---------+-------+---------+---------+-------
        D:1 |      46 |       4 |   8.0 |      26 |       2 |   7.1
        D:2 |      41 |       8 |  16.3 |      17 |       5 |  22.7
        D:3 |     143 |       0 |   0.0 |      22 |       0 |   0.0
        D:4 |     216 |      57 |  20.9 |      20 |       2 |   9.1
        D:5 |     561 |     120 |  17.6 |      18 |      11 |  37.9
        D:6 |    1212 |     157 |  11.5 |      18 |       1 |   5.3
        D:7 |    1303 |       0 |   0.0 |      17 |       0 |   0.0
        D:8 |     208 |     550 |  72.6 |      10 |       2 |  16.7
            +---------+---------+-------+---------+---------+-------
